 Dungeon Crawl Stone Soup version 0.24-a0-475-g5b41c6f198 (webtiles) character file.

Game seed: 18262387575283372534

113 Kuinu the Skirmisher (level 4, 0/61 HPs)
             Began as a Minotaur Berserker on July 5, 2019.
             Was a Believer of Trog.
             Slain by Grinder (5 damage)
             ... on level 3 of the Dungeon.
             The game lasted 00:03:40 (1575 turns).

Kuinu the Skirmisher (Minotaur Berserker)           Turns: 1575, Time: 00:03:40

Health: 0/61       AC:  2    Str: 28    XL:     4   Next: 65%
Magic:  3/3        EV: 18    Int:  4    God:    Trog [**....]
Gold:   31         SH:  0    Dex: 14    Spells: 3/3 levels left

rFire    . . .     SeeInvis .   a - +0 hand axe
rCold    . . .     Gourm    .   (no shield)
rNeg     . . .     Faith    .   b - +0 animal skin
rPois    .         Spirit   .   (helmet restricted)
rElec    .         Reflect  .   (no cloak)
rCorr    .         Harm     .   (no gloves)
MR       ++...                  (no boots)
Stlth    ..........             (no amulet)
HPRegen  1.20/turn              (no ring)
MPRegen  0.08/turn              (no ring)

@: agile, berserking, regenerating, hasted, very quick
A: retaliatory headbutt, horns 2
a: Berserk, Trog's Hand, Renounce Religion


You were on level 3 of the Dungeon.
You worshipped Trog.
Trog was pleased with you.
You were very hungry.

You visited 1 branch of the dungeon, and saw 3 of its levels.

You collected 31 gold pieces.

Inventory:

Hand Weapons
 a - a +0 hand axe (weapon)
 m - a +2 hunting sling of velocity
Armour
 b - a +0 animal skin (worn)
 l - a -2 leather armour
Scrolls
 e - a scroll of teleportation
Potions
 g - a potion of agility
 h - 2 potions of degeneration
 i - a potion of cancellation
 j - a potion of heal wounds {unknown}
 k - a potion of brilliance {unknown}
Comestibles
 c - 3 rations
 f - 12 chunks of flesh


   Skills:
 * Level 4.8 Fighting
 * Level 4.7 Axes
 + Level 3.4 Armour
 + Level 2.9 Dodging


You had 3 spell levels left.
You didn't know any spells.
Your spell library was empty.

Dungeon Overview and Level Annotations

Branches:
Dungeon (3/15)

Altars:

Annotations:
D:3 Grinder


Innate Abilities, Weirdness & Mutations

You reflexively headbutt those who attack you in melee.
You have a pair of horns on your head.


Message History

Grinder barely misses you.
You hit Grinder.
Grinder is heavily wounded.
Grinder hits you.
* * * LOW HITPOINT WARNING * * *
You writhe in agony.
* * * LOW HITPOINT WARNING * * *
A red film seems to cover your vision as you go berserk!
You feel yourself moving faster!
You feel mighty!
You are feeling very hungry.
You slash Grinder! Your headbutt misses Grinder.
Grinder is severely wounded.
Grinder gestures at you. You resist with almost no effort.
You hit Grinder. Your headbutt misses Grinder.
Grinder is severely wounded.
Grinder hits you.
* * * LOW HITPOINT WARNING * * *
You writhe in agony.
You die...

#.# #.# #..
#.# #.. #.# #
#.. #.#
..###..## #.#
........## #.#
.........###.#
#........@.#
#......###5#
=.#....<###.#
##...รทรท...#
#.#.....### #.
#####(# # .#
.# .#


You could see Grinder.

Vanquished Creatures
  4 adders (D:2)
  2 worms (D:2)
  6 dart slugs
  A leopard gecko (D:2)
  6 bats
  3 giant cockroaches
  2 goblins
  7 hobgoblins
  10 jackals
  A kobold (D:1)
  3 quokkas (D:2)
  5 frilled lizards
  3 rats
53 creatures vanquished.

Notes
Turn   | Place    | Note
-------+----------+-------------------------------------------
     0 | D:1      | Kuinu the Minotaur Berserker began the quest for the Orb.
     0 | D:1      | Reached XP level 1. HP: 19/19 MP: 0/0
   207 | D:1      | Reached XP level 2. HP: 27/27 MP: 1/1
   510 | D:1      | Reached XP level 3. HP: 12/33 MP: 2/2
   542 | D:1      | Reached ** piety under Trog
  1175 | D:2      | Reached XP level 4. HP: 33/41 MP: 3/3
  1552 | D:3      | Noticed Grinder
  1554 | D:3      | Paralysed by Grinder for 6 turns
  1575 | D:3      | Slain by Grinder

Levels and vault maps discovered:
D:1:      doesnt_arrival_eight_statues, layout_basic
D:2:      cheibrodos_helix_gallery, layout_rooms, first_ration
D:3:      layout_loops_ring, uniq_grinder, uniq_robin

Skill      XL: |  1  2  3 |
---------------+----------+-----
Axes           | 4 |  4.7
Fighting       | 4 |  4.8
Armour         | 3 |  3.4
Dodging        | |  2.9

Action                   |  1- 3 |  4- 6 || total
-------------------------+-------+-------++-------
Melee: Hand axe          |    79 |    34 ||   113
       Headbutt          |     2 |     5 ||     7
Invok: Berserk           |       |     3 ||     3
       Trog's Hand       |       |     1 ||     1
  Use: Scroll            |     4 |     2 ||     6
       Potion            |       |     2 ||     2
 Stab: Sleeping          |     1 |     1 ||     2
  Eat: Chunk             |     1 |     3 ||     4
Armor: Animal skin       |    19 |     5 ||    24
Dodge: Dodged            |    52 |    21 ||    73

Table legend:
 A = Non-vault XP
 B = Vault XP
 C = Vault XP percentage of total XP
 D = Non-vault monster count
 E = Vault monster count
 F = Vault count percentage of total count
                 A         B        C        D         E       F
            +---------+---------+-------+---------+---------+-------
      Total |     156 |       6 |   3.7 |      51 |       2 |   3.8
            +---------+---------+-------+---------+---------+-------
        D:1 |      50 |       0 |   0.0 |      24 |       0 |   0.0
        D:2 |      94 |       6 |   6.0 |      21 |       2 |   8.7
        D:3 |      12 |       0 |   0.0 |       6 |       0 |   0.0
            +---------+---------+-------+---------+---------+-------
